 Dungeon Crawl Stone Soup version 0.24.0-13-gcf9b319 (webtiles) character file.

Game seed: 18413462144986110714, levelgen mode: deterministic

54 Bronimir the Grasshopper (level 3, -3/29 HPs)
             Began as a Centaur Warper on Apr 1, 2020.
             Slain by Sigmund
             ... wielding a +0 scythe
              (7 damage)
             ... on level 2 of the Dungeon.
             The game lasted 00:04:19 (1462 turns).

Bronimir the Grasshopper (Centaur Warper)           Turns: 1462, Time: 00:04:20

Health: -3/29      AC:  5    Str: 14    XL:     3   Next: 66%
Magic:  6/6        EV:  8    Int: 17    God:
Gold:   65         SH:  2    Dex:  8    Spells: 2/6 levels left

rFire    . . .     SeeInvis .   a - +0 falchion
rCold    . . .     Gourm    .   (no shield)
rNeg     . . .     Faith    .   j - +0 ring mail
rPois    .         Spirit   .   (no helmet)
rElec    .         Reflect  +   (no cloak)
rCorr    .         Harm     .   (no gloves)
MR       .....                  (no barding)
Stlth    ..........             h - +2 amulet of reflection
HPRegen  0.09/turn              l - +3 ring of slaying
MPRegen  0.10/turn              (no ring)

@: brilliant, very quick
A: large, hooves 3, deformed body, speed 2, tough skin 3
a: no special abilities


You were on level 2 of the Dungeon.
You were not hungry.

You visited 1 branch of the dungeon, and saw 2 of its levels.

You collected 65 gold pieces.

Inventory:

Hand Weapons
 a - a +0 falchion (weapon)
Missiles
 e - 3 boomerangs of dispersal (quivered)
 k - 19 sling bullets
 m - 53 stones
 t - 20 bolts
Armour
 b - a +0 leather armour
 j - a +0 ring mail (worn)
 p - a +0 robe
Jewellery
 h - a +2 amulet of reflection (around neck)
 l - a +3 ring of slaying (left hand)
 r - a +3 ring of strength {unknown}
Scrolls
 c - 6 scrolls of identify {unknown}
 d - a scroll of blinking
 g - a scroll of remove curse
 s - a scroll of magic mapping {unknown}
Potions
 i - a potion of flight {unknown}
 n - a potion of brilliance
 q - a potion of heal wounds {unknown}
Comestibles
 f - 3 rations
 o - a chunk of flesh


   Skills:
 * Level 2.2 Fighting
 * Level 2.6 Long Blades
 + Level 1.1 Throwing
 * Level 1.2 Armour
 + Level 1.5 Dodging
 + Level 2.0 Spellcasting
 * Level 2.7 Translocations


You had 2 spell levels left.
You knew the following spells:

 Your Spells              Type           Power        Failure   Level  Hunger
a - Blink                 Tloc           N/A          2%          2    ###....
b - Shroud of Golubria    Chrm/Tloc      ###...       4%          2    ###....

Your spell library contained the following spells:

 Spells                   Type           Power        Failure   Level  Hunger
 Gell's Gravitas          Tloc           ###.......   4%          3    ###....
 Lesser Beckoning         Tloc           ###.......   4%          3    ###....
 Teleport Other           Tloc           ###.....     4%          3    ###....
 Passage of Golubria      Tloc           N/A          13%         4    #####..


Dungeon Overview and Level Annotations

Branches:
Dungeon (1/15)

Altars:

Annotations:
D:2 Sigmund


Innate Abilities, Weirdness & Mutations

You have hooves in place of feet.
Armour fits poorly on your strangely shaped body.
You cover ground very quickly.
You have extremely tough skin. (AC +3)


Message History

Deactivating autopickup; reactivate with Ctrl-A.
You see here 20 bolts.
t - 20 bolts You hear some strange, mumbled words.
You are confused.
Something hits you but does no damage. Something hits you. Something hits you.
You feel less confused.
You closely miss something. Something hits you!
You slash something! Something hits you but does no damage.
You hit something. Something hits you!
* * * LOW HITPOINT WARNING * * *
You hit something.
You hear some strange, mumbled words.
Something tries to affect you, but you resist.
It was a potion of brilliance.
You feel clever all of a sudden. Something hits you!
You die...

#.........##
############.........##
#....................##
#....................##
#..............########
#.(............# .
#..............#
#..............#
#.....@........#
#..............#
#..............#
.................#
.....#########.....
..... +##### .####
#.........# #.........#
#.........#


There were no monsters in sight!

Vanquished Creatures
  An ooze (D:1)
  A worm (D:2)
  3 dart slugs
  5 bats (D:1)
  4 giant cockroaches
  3 goblins
  3 hobgoblins (D:1)
  6 jackals (D:1)
  4 kobolds (D:1)
  A ball python (D:1)
  A frilled lizard (D:1)
  6 rats
38 creatures vanquished.

Notes
Turn   | Place    | Note
-------+----------+-------------------------------------------
     0 | D:1      | Bronimir the Centaur Warper began the quest for the Orb.
     0 | D:1      | Reached XP level 1. HP: 17/17 MP: 3/3
   271 | D:1      | Reached XP level 2. HP: 24/24 MP: 4/4
   317 | D:1      | Learned a level 2 spell: Blink
   320 | D:1      | Learned a level 2 spell: Shroud of Golubria
   456 | D:1      | Reached XP level 3. HP: 14/29 MP: 6/6
   877 | D:1      | Reached skill level 1 in Armour
   939 | D:1      | You fall into a shaft and drop 1 floor!
  1443 | D:2      | Noticed Sigmund
  1462 | D:2      | Slain by Sigmund

Levels and vault maps discovered:
D:1:      minmay_arrival_semitransparent, layout_loops_ring
D:2:      layout_basic, uniq_crazy_yiuf_cottage, uniq_sigmund

Skill      XL: |  1  2  3 |
---------------+----------+-----
Long Blades    | 2 |  2.6
Spellcasting   | 2 |  2.0
Armour         | 1 |  1.2
Fighting       | |  2.2
Throwing       | |  1.1
Dodging        | |  1.5
Translocations | |  2.7

Action                   || total
-------------------------++-------
Melee: Falchion          ||    80
       Kick              ||    15
Throw: Boomerang         ||     2
  Use: Scroll            ||     2
       Potion            ||     1
  Eat: Chunk             ||     1
Armor: Leather armour    ||    39
       Ring mail         ||     4
       Skin              ||     2
Dodge: Dodged            ||    44
Block: Other             ||     3
       Rpst.: Falchion   ||    16
